 Dungeon Crawl Stone Soup version 0.23.2-33-g5129a83184 (webtiles) character file.

Game seed: 5632929855222896527

149 Stepladder the Charmwright (level 5, -8/43 HPs)
             Began as a Gnoll Skald on June 29, 2019.
             Killed by nerve-wracking pain
             ... invoked by an orc priest
              (10 damage)
             ... on level 2 of the Dungeon.
             The game lasted 00:06:59 (2304 turns).

Stepladder the Charmwright (Gnoll Skald)            Turns: 2304, Time: 00:07:01

Health: -8/43      AC:  5    Str: 15    XL:     5   Next: 31%
Magic:  12/12      EV: 13    Int: 15    God:
Gold:   160        SH:  0    Dex: 14    Spells: 12/14 levels left

rFire    . . .     SeeInvis .   a - +0 spear
rCold    . . .     Gourm    .   (no shield)
rNeg     . . .     Faith    .   n - +0 ring mail
rPois    .         Spirit   .   (no helmet)
rElec    .         Reflect  .   (no cloak)
rCorr    .         Harm     .   (no gloves)
MR       .....                  (no boots)
Stlth    +.........             (no amulet)
HPRegen  0.14/turn              (no ring)
MPRegen  0.13/turn              (no ring)

@: no status effects
A: distributed training, fangs 1, strong nose
a: no special abilities


You were on level 2 of the Dungeon.
You were not hungry.

You visited 1 branch of the dungeon, and saw 3 of its levels.

You collected 160 gold pieces.

Inventory:

Hand Weapons
 a - a +0 spear (weapon)
 p - a +0 hunting sling
Missiles
 c - 71 poisoned needles
 j - 55 stones (quivered)
 k - 5 tomahawks
Armour
 n - a +0 ring mail (worn)
Scrolls
 b - a scroll of amnesia
 e - a scroll of remove curse
 g - a scroll of teleportation {unknown}
 h - a scroll of noise {unknown}
 i - a scroll of magic mapping {unknown}
 m - 3 scrolls of identify {unknown}
Potions
 f - a potion of might {unknown}
 l - a potion of curing {unknown}
 q - a potion of lignification {unknown}
Comestibles
 d - 3 rations
 o - 3 chunks of flesh


   Skills:
 + Level 4.7 Fighting
 + Level 1.4 Short Blades
 + Level 1.4 Long Blades
 + Level 1.4 Axes
 + Level 1.4 Maces & Flails
 + Level 4.7 Polearms
 + Level 1.4 Staves
 + Level 1.4 Slings
 + Level 1.4 Bows
 + Level 1.4 Crossbows
 + Level 1.4 Throwing
 + Level 2.9 Armour
 + Level 4.7 Dodging
 + Level 1.4 Stealth
 + Level 1.4 Shields
 + Level 1.4 Unarmed Combat
 + Level 5.2 Spellcasting
 + Level 1.1 Conjurations
 + Level 1.1 Hexes
 + Level 5.5 Charms
 + Level 1.1 Summonings
 + Level 1.1 Necromancy
 + Level 1.1 Translocations
 + Level 1.1 Transmutations
 + Level 1.1 Fire Magic
 + Level 1.1 Ice Magic
 + Level 1.1 Air Magic
 + Level 1.1 Earth Magic
 + Level 1.1 Poison Magic
 + Level 1.6 Invocations
 + Level 1.4 Evocations


You had 12 spell levels left.
You knew the following spells:

 Your Spells              Type           Power        Failure   Level  Hunger
s - Shroud of Golubria    Chrm/Tloc      ##........   12%         2    ##.....

Your spell library contained the following spells:

 Spells                   Type           Power        Failure   Level  Hunger
 Infusion                 Chrm           ###.         3%          1    None
 Song of Slaying          Chrm           ###.....     4%          2    ##.....
 Regeneration             Chrm/Necr      ##........   24%         3    ###....
 Spectral Weapon          Hex/Chrm       ##......     24%         3    ###....


Dungeon Overview and Level Annotations

Branches:
Dungeon (3/15)

Altars:
Nemelex Xobeh
Zin

Annotations:
D:3 Sigmund


Innate Abilities, Weirdness & Mutations

Your experience applies equally to all skills.
You have very sharp teeth.
Your uncanny sense of smell can sniff out nearby items.


Message History

It is a scroll of amnesia.
Forget Infusion, freeing 1 spell level for a total of 12?
Your memory of Infusion unravels.
The orc misses you.
The orc priest looks braver for a moment.
The leopard gecko bites you.
As you read the scroll labeled OSABOON DELINO, it crumbles to dust.
You feel blessed for a moment.
It was a scroll of remove curse.
The orc warrior hits you with a +0 scimitar!
* * * LOW HITPOINT WARNING * * *
The orc barely misses you. The leopard gecko closely misses you.
The orc priest hits you but does no damage.
Unknown command.
You barely miss the orc. The leopard gecko closely misses you.
The orc warrior hits you with a +0 scimitar.
* * * LOW HITPOINT WARNING * * *
The orc hits you with a +0 mace!
* * * LOW HITPOINT WARNING * * *
The orc priest calls down the wrath of Beogh upon you.
Pain shoots through your body!
You die...

#.# #.......##.#.###....)
#.# #.......##.#.##......
#.# #.......##.#.........
#.######.......##.###..#####
#.#...............# #..#
#.#.#####.####.#### #..#
#.#.#####.####.# #..#####
#.#.##....lo##.# #.......
#.#.##.##.#@##.######..####.
#[#.##.##.#oo....).....###..
#.#.......###########.##....
#......#### #.##>#..
######## #.##.#.. #.......
#....... #.##.... #.##..#.


You could see an orc warrior, an orc priest, an orc and a leopard gecko.

Vanquished Creatures
  An orc priest (D:3)
  An orc wizard (D:2)
  4 adders (D:2)
  2 worms
  2 dart slugs (D:1)
  6 leopard geckos
  An orc (D:3)
  3 giant cockroaches (D:2)
  5 hobgoblins
  3 jackals (D:1)
  4 bats
  3 frilled lizards
  A goblin (D:3)
  3 kobolds
  6 rats
45 creatures vanquished.

Notes
Turn   | Place    | Note
-------+----------+-------------------------------------------
     0 | D:1      | Stepladder the Gnoll Skald began the quest for the Orb.
     0 | D:1      | Reached XP level 1. HP: 20/20 MP: 6/6
   112 | D:1      | Reached XP level 2. HP: 26/26 MP: 3/7
   151 | D:1      | Learned a level 2 spell: Shroud of Golubria
   530 | D:1      | Reached XP level 3. HP: 31/31 MP: 0/9
   889 | D:2      | Reached skill level 5 in Spellcasting
   944 | D:2      | Reached skill level 1 in Invocations
  1169 | D:2      | Reached skill level 1 in Short Blades
  1169 | D:2      | Reached skill level 1 in Long Blades
  1169 | D:2      | Reached skill level 1 in Axes
  1169 | D:2      | Reached skill level 1 in Maces & Flails
  1169 | D:2      | Reached skill level 1 in Staves
  1169 | D:2      | Reached skill level 1 in Slings
  1169 | D:2      | Reached skill level 1 in Bows
  1169 | D:2      | Reached skill level 1 in Crossbows
  1169 | D:2      | Reached skill level 1 in Throwing
  1169 | D:2      | Reached skill level 1 in Stealth
  1169 | D:2      | Reached skill level 1 in Shields
  1169 | D:2      | Reached skill level 1 in Unarmed Combat
  1169 | D:2      | Reached skill level 1 in Evocations
  1169 | D:2      | Reached XP level 4. HP: 36/38 MP: 3/11
  1581 | D:2      | Found a faded altar of an unknown god.
  1679 | D:2      | Found a glowing silver altar of Zin.
  1680 | D:2      | Found a sparkling altar of Nemelex Xobeh.
  2106 | D:3      | Reached skill level 1 in Conjurations
  2106 | D:3      | Reached skill level 1 in Hexes
  2106 | D:3      | Reached skill level 1 in Summonings
  2106 | D:3      | Reached skill level 1 in Necromancy
  2106 | D:3      | Reached skill level 1 in Translocations
  2106 | D:3      | Reached skill level 1 in Transmutations
  2106 | D:3      | Reached skill level 1 in Fire Magic
  2106 | D:3      | Reached skill level 1 in Ice Magic
  2106 | D:3      | Reached skill level 1 in Air Magic
  2106 | D:3      | Reached skill level 1 in Earth Magic
  2106 | D:3      | Reached skill level 1 in Poison Magic
  2106 | D:3      | Reached XP level 5. HP: 30/43 MP: 6/12
  2248 | D:3      | Noticed Sigmund
  2248 | D:3      | Noticed an orc warrior
  2304 | D:2      | HP: 2/43 [orc/+0 mace (7)]
  2304 | D:2      | Killed from afar by an orc priest

Skill      XL: |  1  2  3  4 |
---------------+-------------+-----
Spellcasting   | 5 |  5.2
Invocations    | 1 |  1.6
Short Blades   | 1 |  1.4
Long Blades    | 1 |  1.4
Axes           | 1 |  1.4
Maces & Flails | 1 |  1.4
Staves         | 1 |  1.4
Slings         | 1 |  1.4
Bows           | 1 |  1.4
Crossbows      | 1 |  1.4
Throwing       | 1 |  1.4
Stealth        | 1 |  1.4
Shields        | 1 |  1.4
Unarmed Combat | 1 |  1.4
Evocations     | 1 |  1.4
Conjurations   | 1 |  1.1
Hexes          | 1 |  1.1
Summonings     | 1 |  1.1
Necromancy     | 1 |  1.1
Translocations | 1 |  1.1
Transmutations | 1 |  1.1
Fire Magic     | 1 |  1.1
Ice Magic      | 1 |  1.1
Air Magic      | 1 |  1.1
Earth Magic    | 1 |  1.1
Poison Magic   | 1 |  1.1
Fighting       | |  4.7
Polearms       | |  4.7
Armour         | |  2.9
Dodging        | |  4.7
Charms         | |  5.5

Action                   |  1- 3 |  4- 6 || total
-------------------------+-------+-------++-------
Melee: Spear             |    78 |    84 ||   162
       Bite              |     5 |     9 ||    14
Throw: Stone             |       |    12 ||    12
 Cast: Infusion          |     5 |     2 ||     7
       Shroud of Golubri |     6 |     4 ||    10
  Use: Scroll            |       |     2 ||     2
  Eat: Chunk             |     1 |     4 ||     5
Armor: Leather armour    |    14 |     1 ||    15
       Ring mail         |       |    14 ||    14
Dodge: Dodged            |    57 |    51 ||   108
